 Dungeon Crawl Stone Soup version 0.29.0-4-gdea44cf6ec (webtiles) character file.

Game seed: 9047158369061005661

70 qw the Chopper (level 4, 0/26 HPs)
             Began as a Tengu Warper on Aug 28, 2022.
             Slain by Robin
             ... wielding a +1 dagger of venom
              (1 damage)
             ... on level 2 of the Dungeon.
             The game lasted 00:00:07 (1165 turns).

qw the Chopper (Tengu Warper)                       Turns: 1165, Time: 00:00:08

Health: 0/26       AC:  5    Str: 13    XL:     4   Next: 21%
Magic:  8/8        EV: 11    Int: 14    God:
Gold:   137        SH:  0    Dex: 13    Spells: 7/7 levels left

rFire   . . .      SeeInvis .   Y - +1 hand axe
rCold   . . .      Faith    .   (no shield)
rNeg    . . .      Spirit   .   f - +0 ring mail
rPois   .          Reflect  .   (helmet restricted)
rElec   .          Harm     .   (no cloak)
rCorr   .          Rampage  .   (no gloves)
Will    .....                   (boots unavailable)
Stlth   +.........              (no amulet)
HPRegen 0.08/turn               (no ring)
MPRegen 0.11/turn               (no ring)

@: lethally poisoned (0 -> -5)
A: beak, talons 3
a: no special abilities


You were on level 2 of the Dungeon.
You visited 1 branch of the dungeon, and saw 2 of its levels.

You collected 137 gold pieces.


Innate Abilities, Weirdness & Mutations

You have a beak for a mouth.
You have claws for feet.


   Skills:
 - Level 2.0 Fighting
 + Level 4.8 Axes
 - Level 1.0 Throwing
 - Level 1.1 Armour
 - Level 2.1 Dodging
 - Level 2.0 Spellcasting
 - Level 2.4 Translocations


You had 7 spell levels left.
You didn't know any spells.
Your spell library contained the following spells:

 Spells                   Type           Power      Damage    Failure   Level
 Blink                    Tloc           16%        N/A       28%         2
 Gell's Gravitas          Tloc           8%         N/A       50%         3
 Lesser Beckoning         Tloc           8%         N/A       50%         3
 Teleport Other           Tloc           8%         N/A       50%         3
 Manifold Assault         Tloc           8%         N/A       99%         5

Inventory:

Hand Weapons
 d - a +0 mace
 Y - a +1 hand axe (weapon)
Armour
 f - a +0 ring mail (worn)
Scrolls
 b - a scroll of acquirement {unknown}
 g - 2 scrolls of identify
Potions
 a - a potion of mutation {unknown}
 i - a potion of curing {unknown}
 j - 2 potions of heal wounds {unknown}

Dungeon Overview and Level Annotations

Branches:
Dungeon (2/15)

Altars:

Annotations:
D:2 Robin


Message History

You closely miss the hobgoblin. Your kick misses the hobgoblin.
Your peck misses the hobgoblin. The hobgoblin hits you.
You hit the hobgoblin. Your punch misses the hobgoblin.
The hobgoblin is heavily wounded.
The hobgoblin barely misses you.
You hit the hobgoblin.
The hobgoblin is severely wounded.
The hobgoblin hits you but does no damage. x2
You hit the hobgoblin.
You kill the hobgoblin!
You barely miss the hobgoblin. Your kick misses the hobgoblin.
Your peck misses the hobgoblin.
You punch the hobgoblin, but do no damage.
The hobgoblin no longer looks unusually strong.
Robin roars a battlecry!
The hobgoblin goes into a battle-frenzy!
You hit the hobgoblin.
The hobgoblin is heavily wounded.
The hobgoblin hits you.
You slash the hobgoblin!
You kill the hobgoblin!
You barely miss Robin. Robin hits you but does no damage.
You are lethally poisoned!
You hit Robin. Your kick misses Robin. Your peck misses Robin.
Robin is lightly wounded.
You feel very sick.
You hit Robin. Your peck misses Robin.
Robin is heavily wounded.
You closely miss the hobgoblin.
You feel sick. Robin barely misses you.
The hobgoblin hits you but does no damage.
You hit Robin. You claw Robin!
Robin is almost dead.
You hit the hobgoblin.
You kill the hobgoblin!
You feel sick.
Robin hits you with a +1 dagger of venom.
You die... g .gg

##########
.....##@)......####...
......)g)............#
.....##........####..#
.... +........# ..#
... #..).....####..#
## #........#.....#
#..............#
###............###
........%.........


You could see Robin.

Vanquished Creatures
  2 adders (D:2)
  A dart slug (D:1)
  3 ball pythons
  A giant cockroach (D:1)
  10 goblins
  8 hobgoblins
  3 jackals (D:2)
  4 kobolds (D:1)
  2 quokkas (D:1)
  2 bats (D:1)
  2 frilled lizards (D:1)
  8 rats
46 creatures vanquished.

Notes
Turn   | Place    | Note
-------+----------+-------------------------------------------
     0 | D:1      | qw the Tengu Warper began the quest for the Orb.
     0 | D:1      | Reached XP level 1. HP: 12/12 MP: 4/4
     0 | D:1      | 0 ||| qw: Version: 0.1-a-89-g26bdef1
     0 | D:1      | 0 ||| qw: Game counter: 488
     0 | D:1      | 0 ||| qw: Always use a shield: true
     0 | D:1      | 0 ||| qw: God list: Okawaru
     0 | D:1      | 0 ||| qw: Allow faded altars: false
     0 | D:1      | 0 ||| qw: Do Orc after D:15 true
     0 | D:1      | 0 ||| qw: Do second Lair branch before Depths: true
     0 | D:1      | 0 ||| qw: Lair rune preference: random
     0 | D:1      | 0 ||| qw: Plans: Normal
     0 | D:1      | 0 ||| PLANNING D:1-11
   186 | D:1      | Reached XP level 2. HP: 17/17 MP: 6/6
   263 | D:1      | Reached skill level 3 in Axes
   299 | D:1      | 299 ||| DROPPING +0 club.
   483 | D:1      | Found a faded altar of an unknown god.
   613 | D:1      | Reached XP level 3. HP: 17/20 MP: 7/7
   897 | D:1      | 897 ||| UPGRADING to +0 ring mail.
   907 | D:1      | 907 ||| DROPPING +0 leather armour.
   908 | D:1      | 908 ||| READING scroll labelled SAZIANOFIN.
   913 | D:1      | 913 ||| READING 2 scrolls labelled CEQEEZU TOICS.
   914 | D:1      | 914 ||| READING scroll labelled SUCYH NIOQO.
   915 | D:1      | 915 ||| READING scroll labelled XURISM HADDENT.
   916 | D:1      | 916 ||| DROPPING scroll of blinking.
   974 | D:2      | Reached skill level 4 in Axes
  1139 | D:2      | Noticed Robin
  1140 | D:2      | 1140 ||| Stepping ~*~*~tactically~*~*~ (hiding).
  1145 | D:2      | Reached XP level 4. HP: 26/26 MP: 8/8
  1163 | D:2      | HP: 4/26 [poisoned by Robin]
  1165 | D:2      | HP: 1/26 [poisoned by Robin]
  1165 | D:2      | Slain by Robin

Levels and vault maps discovered:
D:1:      lemuel_arrival_broad_hall, layout_loops_ring,
          ebering_ecumenical_altar_hall
D:2:      layout_basic, uniq_robin

Skill      XL: |  1  2  3 |
---------------+----------+-----
Axes           | 3 4 |  4.8
Fighting       | |  2.0
Throwing       | |  1.0
Armour         | |  1.1
Dodging        | |  2.1
Spellcasting   | |  2.0
Translocations | |  2.4

Action                   |  1- 3 |  4- 6 || total
-------------------------+-------+-------++-------
Melee: Hand axe          |    64 |    21 ||    85
       Kick              |    10 |     3 ||    13
       Peck              |     8 |     1 ||     9
       Punch             |       |     1 ||     1
Throw: Boomerang         |     7 |       ||     7
  Use: Scroll            |     4 |       ||     4
Armor: Leather armour    |     8 |       ||     8
       Ring mail         |    10 |     6 ||    16
Dodge: Dodged            |    24 |    15 ||    39

Table legend:
 A = Non-vault XP
 B = Vault XP
 C = Vault XP percentage of total XP
 D = Non-vault monster count
 E = Vault monster count
 F = Vault count percentage of total count
                 A         B        C        D         E       F
            +---------+---------+-------+---------+---------+-------
      Total |      78 |      24 |  23.5 |      34 |      12 |  26.1
            +---------+---------+-------+---------+---------+-------
        D:1 |      40 |       0 |   0.0 |      25 |       0 |   0.0
        D:2 |      38 |      24 |  38.7 |       9 |      12 |  57.1
            +---------+---------+-------+---------+---------+-------
